 Dungeon Crawl Stone Soup version 0.32-a0-312-g1d7162e751 (webtiles) character file.

Game seed: 2473194258200505522

177 Essalna the Magician (level 5, -4/28 HPs)
             Began as a Deep Elf Air Elementalist on Feb 15, 2024.
             Slain by Grinder (6 damage)
             ... on level 3 of the Dungeon.
             The game lasted 00:04:19 (2455 turns).

Essalna the Magician (Deep Elf Air Elementalist)    Turns: 2455, Time: 00:04:20

Health: -4/28      AC:  0    Str:  5    XL:     5   Next: 31%
Magic:  9/14       EV: 15    Int: 22    God:
Gold:   36         SH:  0    Dex: 15    Spells: 10/14 levels left

rFire   . . .        h - melded +0 mace (venom)
rCold   . . .        (shield currently unavailable)
rNeg    . . .        a - melded +0 robe
rPois   .            d - melded +2 hat {Stlth+}
rElec   .            (cloak currently unavailable)
rCorr   .            (gloves currently unavailable)
SInv    .            j - melded +0 pair of boots
Will    .....        (no amulet)
Stlth   ++           e - melded ring of see invisible
HPRegen 0.24/turn    (ring currently unavailable)
MPRegen 0.14/turn

%: no passive effects
@: brilliant, pig-form, very quick
A: fast, no casting, small
a: no special abilities


You were on level 3 of the Dungeon.
You were a filthy swine.
You visited 1 branch of the dungeon, and saw 3 of its levels.

You collected 36 gold pieces.

Inventory:

Hand Weapons
 c - a +0 dagger
 h - a +0 mace of venom (melded)
Armour
 a - a +0 robe (melded)
 d - a +2 hat of stealth (melded)
 j - a +0 pair of boots (melded)
Jewellery
 e - a ring of see invisible (melded)
 k - a ring of ice
 l - a ring of ice
Scrolls
 g - a scroll of identify {unknown}
Potions
 b - a potion of magic
 f - a potion of brilliance
 i - 3 potions of curing {unknown}
 m - a potion of haste {unknown}


   Skills:
 - Level 2.4 Dodging
 - Level 2.4 Stealth
 + Level 5.0 Spellcasting
 + Level 3.3 Conjurations
 + Level 4.6 Air Magic


You had 10 spell levels left.
You knew the following spells:

 Your Spells              Type           Power      Damage    Failure   Level
a - Shock                 Conj/Air       100%       1d9       1%          1
b - Swiftness             Air            38%        N/A       4%          3

Your spell library contained the following spells:

 Spells                   Type           Power      Damage    Failure   Level
 Static Discharge         Conj/Air       68%        3-6/arc   3%          2
 Airstrike                Air            19%        2d(3-19)  16%         4
 Summon Ice Beast         Ice/Summ       8%         N/A       30%         3
 Summon Mana Viper        Hex/Summ       8%         N/A       95%         5
 Monstrous Menagerie      Summ           4%         N/A       100%        7


Dungeon Overview and Level Annotations

Branches:
Dungeon (3/15)

Altars:
Nemelex Xobeh

Annotations:
D:3 Grinder


Message History

Casting: Shock (safe; 1% risk of failure)
Confirm with . or Enter, or press ? or * to list all spells.
Aiming: Shock (safe; 1% risk of failure)
Press: ? - help, Shift-Dir - straight line, f/p - Grinder
Aim: Grinder, carrying a wand of polymorph (moderately wounded, 71% to hit)
The zap hits Grinder.
Grinder is moderately wounded.
Casting: Shock (safe; 1% risk of failure)
Confirm with . or Enter, or press ? or * to list all spells.
Aiming: Shock (safe; 1% risk of failure)
Press: ? - help, Shift-Dir - straight line, f/p - Grinder
Aim: Grinder, carrying a wand of polymorph (moderately wounded, 71% to hit)
The zap hits Grinder.
Grinder is heavily wounded.
Grinder zaps a wand.
You turn into a filthy swine.
Your +0 mace of venom melds into your body.
Your +2 hat of stealth melds into your body.
Your +0 pair of boots melds into your body.
Your +0 robe melds into your body.
Your ring of see invisible melds into your body.
Your +0 mace of venom stops dripping with poison.
You feel less stealthy.
You hit Grinder but do no damage.
Grinder is heavily wounded.
Grinder barely misses you.
You barely miss Grinder.
Grinder is heavily wounded.
Grinder gestures at you. Pain shoots through your body!
You closely miss Grinder.
Grinder is heavily wounded.
Grinder gestures at you.
You struggle to resist.
It was a potion of brilliance.
You feel clever all of a sudden. Grinder hits you!
* * * LOW HITPOINT WARNING * * *
You writhe in agony.
You die...
Grinder sighs, "Dead already?
I want a refund."

#)# #....#..# ###)# ###
#.#....g# ....# #.. #
#......g# ##### #.# .#
##..(.... #.#
.####......... #.#
.....#.#..#....
###.####...#!# #.......
#................###.#.
#.#...h5...# .# .....
########.##......##
....##
#........##.####.#
.#### #.##.#.####.# #
#.#.# #.# #...# #.#
#.###..# #.# #......#
#.. #####.## #..


You could see Grinder.

Vanquished Creatures
  An orc wizard (D:3)
  4 gnolls (D:3)
  2 adders (D:3)
  6 orcs (D:3)
  8 bats
  6 endoplasms
  3 giant cockroaches
  3 goblins
  3 hobgoblins
  5 quokkas
  A frilled lizard (D:2)
  7 kobolds
  4 rats
53 creatures vanquished.

Notes
Turn   | Place    | Note
-------+----------+-------------------------------------------
     0 | D:1      | Essalna the Deep Elf Air Elementalist began the quest for
                  | the Orb.
     0 | D:1      | Reached XP level 1. HP: 10/10 MP: 6/6
   199 | D:1      | Reached XP level 2. HP: 15/15 MP: 6/8
   634 | D:1      | Reached XP level 3. HP: 19/19 MP: 6/10
   965 | D:1      | Reached skill level 4 in Spellcasting
  1117 | D:2      | Learned a level 3 spell: Swiftness
  1833 | D:3      | Reached XP level 4. HP: 24/24 MP: 8/12
  2160 | D:3      | Reached XP level 5. HP: 28/28 MP: 2/14
  2294 | D:3      | Reached skill level 5 in Spellcasting
  2376 | D:3      | Found a sparkling altar of Nemelex Xobeh.
  2446 | D:3      | Noticed Grinder
  2455 | D:3      | Slain by Grinder

Illustrated notes

Levels and vault maps discovered:
D:1:      dpeg_arrival_oval, layout_basic, nicolae_kite_square_tiling_tiny,
          hangedman_decor_growths
D:2:      layout_loops_cross
D:3:      layout_loops_cross, old_standard_altar, mainiacjoe_overflow_alcove_2,
          uniq_grinder

Skill      XL: |  1  2  3  4  5 |
---------------+----------------+-----
Conjurations   | 2 3 |  3.3
Spellcasting   | 4 5 |  5.0
Air Magic      | 4 |  4.6
Dodging        | |  2.4
Stealth        | |  2.4

Action                     |  1- 3 |  4- 6 || total
---------------------------+-------+-------++-------
  Melee: Mace              |       |     3 ||     3
         Unarmed           |       |     3 ||     3
   Cast: Shock             |    66 |    51 ||   117
    Use: Potion            |       |     1 ||     1
 Armour: Robe              |     5 |    18 ||    23
         Skin              |       |     1 ||     1
  Dodge: Dodged            |     4 |     7 ||    11

Table legend: (Time is in decaauts)
 A = Elapsed time spent in this place.
 B = Non-inter-level travel time spent in this place.
 C = Inter-level travel time spent in this place.
 D = Time resting spent in this place.
 E = Time spent auto-exploring this place.
 F = Levels seen in this place.
 G = Mean time per level.
                   A        B        C        D        E       F      G
               +--------+--------+--------+--------+--------+-----+--------+
         Total |   2453 |   2395 |     58 |      0 |   2104 |   3 |  817.7 |
       Dungeon |   2453 |   2395 |     58 |      0 |   2104 |   3 |  817.7 |
               +--------+--------+--------+--------+--------+-----+--------+

Top non-repeatable levels by time:
     D:1: 1110 daAuts
     D:2: 722 daAuts
     D:3: 620 daAuts
